 Dungeon Crawl Stone Soup version 0.24-a0-170-gd8427f5 (webtiles) character file.

Game seed: 3653736158828239485

270877 Azzok the Covert (level 20, -5/202 HPs)
             Began as a Gnoll Enchanter on Mar 10, 2019.
             Was the Champion of Cheibriados.
             Slain by a vault warden
             ... wielding a +2 long sword of slicing
              (25 damage)
             ... on level 1 of the Vaults on Mar 11, 2019.
             The game lasted 01:29:05 (38302 turns).

Azzok the Covert (Gnoll Enchanter)                 Turns: 38302, Time: 01:29:06

Health: -5/202     AC: 43    Str: 29    XL:     20   Next: 22%
Magic:  33/37      EV: 27    Int: 43    God:    Cheibriados [******]
Gold:   967        SH: 16    Dex: 30    Spells: 30/46 levels left

rFire    . . .     SeeInvis .     - Unarmed
rCold    . . .     Gourm    .   Q - +0 shield {reflect}
rNeg     + . .     Faith    .   (armour currently unavailable)
rPois    ∞         Spirit   .   f - +2 helmet
rElec    +         Reflect  +   C - +2 cloak of the Great Game {rElec}
rCorr    .         Harm     .   (gloves currently unavailable)
MR       +....                  (boots currently unavailable)
Stlth    +++++++...             s - amulet of the acrobat
HPRegen  1.43/turn              c - +6 ring of protection
MPRegen  0.25/turn              p - +4 ring of intelligence

@: about to teleport, statue-form, regenerating (expiring), very slow
A: distributed training, fangs 1, strong nose
}: 2/15 runes: decaying, serpentine
a: End Transformation, Bend Time, Temporal Distortion, Slouch, Step From Time,
Renounce Religion


You were on level 1 of the Vaults.
You worshipped Cheibriados.
Cheibriados was exalted by your worship.
You were hungry.
You were a stone statue.
You visited 7 branches of the dungeon, and saw 33 of its levels.

You collected 3178 gold pieces.
You spent 2072 gold pieces at shops.
You donated 139 gold pieces to Zin.

Inventory:

Hand Weapons
 S - a +2 dagger of venom
Missiles
 B - 7 throwing nets (quivered)
Armour
 e - a +2 troll leather armour (melded) {Snorg}
 f - a +2 helmet (worn)
 k - a +1 pair of boots (melded)
 C - the +2 cloak of the Great Game (worn) {rElec}
   (You found it on level 9 of the Dungeon)

   It insulates you from electricity.
 J - the +1 large shield "Atakh" {rElec Slay+2 SInv}
   (You found it on level 11 of the Dungeon)

   It affects your accuracy and damage with ranged weapons and melee attacks
   (+2).
   It insulates you from electricity.
   It lets you see invisible.
 Q - a +0 shield of reflection (worn)
Magical Staves
 w - an uncursed staff of wizardry
Jewellery
 a - an uncursed amulet of magic regeneration
 c - a +6 ring of protection (left hand)
 p - a +4 ring of intelligence (right hand)
 s - an amulet of the acrobat (around neck)
 v - an uncursed ring of fire
 y - an uncursed ring of resist corrosion
 D - an uncursed ring of protection from cold
 T - an uncursed ring of protection from magic
Wands
 q - a wand of iceblast (49)
 x - a wand of enslavement (23)
 A - a wand of acid (49)
 K - a wand of flame (44)
 N - a wand of paralysis (11)
 V - a wand of polymorph (5)
Scrolls
 b - 4 scrolls of magic mapping
 g - 12 scrolls of teleportation
 i - 2 scrolls of fear
 l - 5 scrolls of enchant armour
 n - 6 scrolls of fog
 t - 5 scrolls of blinking
 F - 5 scrolls of immolation
 L - 7 scrolls of identify
 M - 10 scrolls of remove curse
 R - 2 scrolls of summoning
 W - 2 scrolls of amnesia
Potions
 h - 13 potions of curing
 j - 2 potions of lignification
 m - 8 potions of heal wounds
 o - 3 potions of haste
 r - 6 potions of agility
 z - 7 potions of flight
 E - a potion of cancellation
 G - 4 potions of mutation {!q}
 H - 2 potions of might
 I - 4 potions of brilliance
 O - a potion of magic
 P - a potion of resistance
Miscellaneous
 u - a phantom mirror
Comestibles
 d - 46 rations
 U - 5 chunks of flesh


   Skills:
 + Level 13.0 Fighting
 + Level 13.2 Short Blades
 + Level 13.0 Long Blades
 + Level 13.0 Axes
 + Level 13.0 Maces & Flails
 + Level 13.0 Polearms
 + Level 13.0 Staves
 + Level 13.0 Slings
 + Level 13.0 Bows
 + Level 13.0 Crossbows
 + Level 13.0 Throwing
 + Level 13.0 Armour
 + Level 13.6 Dodging
 + Level 14.0 Stealth
 + Level 13.0 Shields
 + Level 13.0 Unarmed Combat
 + Level 13.7 Spellcasting
 + Level 11.1 Conjurations
 + Level 12.2 Hexes
 + Level 11.1 Charms
 + Level 11.1 Summonings
 + Level 11.1 Necromancy
 + Level 11.1 Translocations
 + Level 11.1 Transmutations
 + Level 11.1 Fire Magic
 + Level 11.1 Ice Magic
 + Level 11.1 Air Magic
 + Level 11.1 Earth Magic
 + Level 11.1 Poison Magic
 + Level 14.0 Invocations
 + Level 13.0 Evocations


You had 30 spell levels left.
You knew the following spells:

 Your Spells              Type           Power        Failure   Level  Hunger
a - Statue Form           Tmut/Erth      #######..    1%          6    None
b - Confusing Touch       Hex            ######       0%          1    None
c - Regeneration          Chrm/Necr      #######...   1%          3    None
d - Ozocubu's Armour      Chrm/Ice       #######.     1%          3    None
f - Confuse               Hex            #######.     1%          3    None

Your spell library contained the following spells:

 Spells                   Type           Power        Failure   Level  Hunger
 Animate Skeleton         Necr           N/A          0%          1    None
 Apportation              Tloc           ######       0%          1    None
 Beastly Appendage        Tmut           ######       0%          1    None
 Corona                   Hex            #######      0%          1    None
 Freeze                   Ice            ####         0%          1    None
 Infusion                 Chrm           ####         0%          1    None
 Magic Dart               Conj           ####         0%          1    None
 Summon Small Mammal      Summ           ####         0%          1    None
 Ensorcelled Hibernation  Hex/Ice        ######       0%          2    None
 Slow                     Hex            #######.     0%          2    None
 Blink                    Tloc           N/A          1%          2    None
 Call Imp                 Summ           #######.     1%          2    None
 Poisonous Vapours        Pois/Air       ######       1%          2    None
 Shroud of Golubria       Chrm/Tloc      #######...   1%          2    None
 Song of Slaying          Chrm           #######.     1%          2    None
 Swiftness                Chrm/Air       #######.     1%          2    None
 Throw Frost              Conj/Ice       ######       1%          2    None
 Conjure Flame            Conj/Fire      #######.     1%          3    None
 Dazzling Spray           Conj/Hex       ######       1%          3    None
 Mephitic Cloud           Conj/Pois/Air  #######.     1%          3    None
 Spectral Weapon          Hex/Chrm       #######.     1%          3    None
 Stone Arrow              Conj/Erth      ######       1%          3    None
 Tukima's Dance           Hex            #######.     1%          3    None
 Cause Fear               Hex            #######...   1%          4    None
 Leda's Liquefaction      Hex/Erth       #######...   1%          4    None
 Petrify                  Tmut/Erth      #######.     1%          4    None
 Summon Ice Beast         Ice/Summ       #######.     1%          4    None
 Throw Icicle             Conj/Ice       #######.     1%          4    None
 Bolt of Magma            Conj/Fire/Erth #######...   1%          5    None
 Irradiate                Conj/Tmut      #######...   1%          5    None
 Silence                  Hex/Air        #######...   1%          5    None
 Yara's Violent Unravell  Hex/Tmut       #######...   1%          5    None
 Deflect Missiles         Chrm/Air       #######...   1%          6    None
 Freezing Cloud           Conj/Ice/Air   #######...   1%          6    None
 Hydra Form               Tmut           #######...   1%          6    None
 Iron Shot                Conj/Erth      #######...   1%          6    None
 Simulacrum               Ice/Necr       #######...   1%          6    None
 Dragon Form              Tmut           #######...   11%         7    ###....
 Ring of Flames           Chrm/Fire      #######...   11%         7    ###....
 Discord                  Hex            #######...   47%         8    #####..
 Shatter                  Erth           #######...   100%        9    ######.


Dungeon Overview and Level Annotations

Branches:
Dungeon (15/15)            Temple (1/1) D:4            Lair (6/6) D:11
  Swamp (4/4) Lair:3        Snake (4/4) Lair:3        Slime (0/5) Lair:5
    Orc (2/2) D:12            Elf (0/3) Orc:2        Vaults (1/5) D:13
 Depths (0/5) D:15

Altars:
Ashenzari
Cheibriados
Dithmenos
Elyvilon
Fedhas
Gozag
Hepliaklqana
Kikubaaqudgha
Makhleb
Nemelex Xobeh
Okawaru
Qazlal
Ru
Sif Muna
Trog
Uskayaw
Vehumet
Wu Jian
Xom
Yredelemnul
Zin
The Shining One
Beogh

Shops:
D:13 *   Orc:2 *?*[[   Snake:1 =}}


Innate Abilities, Weirdness & Mutations

Your experience applies equally to all skills.
You have very sharp teeth.
Your uncanny sense of smell can sniff out nearby items.


Message History

The ironheart preserver closely misses you.
You block the sphinx's attack. The sphinx hits you but does no damage.
The sphinx closely misses you.
The stone giant hits you but does no damage.
You block the ironheart preserver's attack.
The vault warden hits you with a +2 long sword of slicing!!
* * * LOW HITPOINT WARNING * * *
x2
As you read the scroll of teleportation, it crumbles to dust.
You feel strangely unstable.
Your skin is crawling a little less now.
You block the ironbrand convoker's attack.
You block the sphinx's attack. The sphinx hits you but does no damage.
You block the sphinx's attack.
The ironheart preserver hits you but does no damage.
You block the stone giant's attack.
The orc knight hits you with a +0 great mace!!!
* * * LOW HITPOINT WARNING * * *
The ironheart preserver misses you.
The vault warden hits you with a +2 long sword of slicing!!
You die...

·▒ ∆▒· ▒▒ ▒·▒ ∆ ▒· ▒·╬
∆▒· ▒·▒ ∆▒· ▒·▒ ▒·
▒▒▒▒▒▒▒▒▒▒▒·▒ ▒·
············▒ ▒·
······pop···▒ ▒·
······p8H···▒▒▒▒▒▒▒▒▒▒▒·
······pC)····(··········
························
▒▒▒▒▒▒▒▒▒▒▒▒▒▒▒▒▒▒▒▒▒▒▒▒


You could see 2 ironheart preservers, a sphinx, a stone giant, a vault warden,
an orc knight and an ironbrand convoker.

Vanquished Creatures
  Vashnia (Snake:2)
  A bone dragon (Swamp:4)
  Jorgrun (Swamp:2)
  The ghost of Soixudog the Severer, an adept NaFi of Cheibriados (Snake:1)
  Donald (Snake:2)
  Agnes (Snake:4)
  12 nagarajas
  Aizul (Snake:3)
  Louise (Snake:4)
  A vault warden (Vaults:1)
  2 ironheart preservers (Vaults:1)
  5 very ugly things (Vaults:1)
  A stone giant (Orc:1)
  5 dire elephants
  Snorg (D:11)
  A blizzard demon (Lair:5)
  2 ice dragons (Vaults:1)
  2 rakshasas
  11 naga warriors
  11 hydras
  A shambling mangrove (Swamp:4)
  2 ghost crabs (Swamp:4)
  7 alligators
  7 centaur warriors
  4 ogre magi
  15 two-headed ogres
  5 death yaks (Lair:5)
  A deep troll shaman (Vaults:1)
  20 anacondas
  2 tengu warriors (D:11)
  9 shock serpents
  9 orc high priests
  A spriggan berserker (Swamp:3)
  17 naga sharpshooters
  Sonja (Lair:2)
  Nergalle (Lair:3)
  3 deep elf knights
  3 deep trolls (Vaults:1)
  A death drake (Swamp:4)
  The ghost of Arum the Conjurer, a novice DrCj of Vehumet (D:7)
  A wizard (D:13)
  5 spectral hydras (Swamp:4)
  4 salamander mystics
  4 swamp dragons
  2 phantasmal warriors (Swamp:4)
  10 naga ritualists
  4 ironbrand convokers (Vaults:1)
  A lindwurm (Lair:5)
  5 harpies (Vaults:1)
  3 spriggan druids
  A wolf spider (D:15)
  Pikel (D:7)
  9 orc knights
  8 mana vipers
  18 salamanders
  2 orc sorcerers (Orc:2)
  2 oklob plants (Lair:2)
  A wolf spider zombie (D:12)
  18 ugly things
  6 cyclopes
  9 elephants
  3 vault sentinels (Vaults:1)
  32 black mambas
  29 naga magi
  A torpor snail (Lair:3)
  2 gargoyles (D:14)
  12 guardian serpents (Snake:4)
  17 spiny frogs
  A rime drake (Lair:1)
  7 yaktaurs (Vaults:1)
  6 komodo dragons
  4 kobold demonologists (D:13)
  An efreet (D:13)
  2 hydra zombies (Swamp:4)
  3 swamp worm zombies (Swamp:4)
  2 freezing wraiths
  2 ice devils (D:11)
  7 trolls
  13 bog bodies
  2 polar bears
  5 tyrant leeches
  15 blink frogs
  2 spectral swamp dragons (Swamp:4)
  15 hornets
  17 dream sheep
  6 slime creatures
  4 alligator zombies (Swamp:4)
  9 hippogriffs
  A human simulacrum (Vaults:1)
  11 spriggans
  2 shadows
  2 vampires (D:15)
  3 wraiths
  A centaur simulacrum (D:14)
  A wyvern (D:9)
  49 yaks
  2 basilisks
  13 vampire mosquitoes
  2 hungry ghosts (D:10)
  3 acid dragons
  18 swamp worms
  5 wargs (Orc:2)
  11 insubstantial wisps
  67 nagas
  11 porcupines
  10 water moccasins
  19 orc warriors
  5 swamp drakes
  10 ice beasts
  3 sky beasts
  13 phantoms
  4 black bears
  16 ogres
  5 swamp dragon zombies (Swamp:4)
  35 wolves
  20 crocodiles
  9 centaurs
  6 big kobolds
  15 bullfrogs
  A gnoll sergeant (D:9)
  A wyvern zombie (D:14)
  3 scorpions
  A water moccasin skeleton (D:9)
  15 killer bees
  2 electric eels (Lair:5)
  2 howler monkeys
  9 crimson imps
  3 centaur zombies
  2 bullfrog zombies
  5 hounds
  A yaktaur simulacrum (Vaults:1)
  4 bullfrog skeletons
  A gnoll shaman (D:10)
  37 orc priests
  7 centaur skeletons
  5 jellies
  10 iguanas
  9 worker ants
  22 orc wizards
  3 hound zombies
  A hound skeleton (D:10)
  Robin (D:2)
  2 worker ant zombies
  17 gnolls
  19 adders
  A hound simulacrum (D:9)
  A swamp drake zombie (Swamp:4)
  3 shadow imps
  3 white imps (D:7)
  A worker ant simulacrum (D:7)
  5 oozes
  5 adder skeletons
  6 worms
  3 dart slugs
  An adder simulacrum (D:7)
  12 leopard geckos
  110 orcs
  6 bats
  9 giant cockroaches
  17 goblins
  7 hobgoblins
  8 jackals
  9 quokkas
  4 frilled lizards
  25 kobolds
  A quokka zombie (D:9)
  6 rats
  3 plants
1306 creatures vanquished.

Vanquished Creatures (others)
  An anaconda (Snake:4)
  3 naga sharpshooters
  A black mamba (Snake:2)
  A naga mage (Snake:4)
  3 insubstantial wisps (Swamp:4)
  An orc priest (D:7)
  A jelly (D:7)
  An orc (D:7)
  A jackal (D:7)
  11 fungi
  18 plants
42 creatures vanquished.

Grand Total: 1348 creatures vanquished

Notes
Turn   | Place    | Note
-------+----------+-------------------------------------------
     0 | D:1      | Azzok the Gnoll Enchanter began the quest for the Orb.
     0 | D:1      | Reached XP level 1. HP: 13/13 MP: 6/6
   390 | D:1      | Reached XP level 2. HP: 16/19 MP: 7/7
   441 | D:1      | Learned a level 2 spell: Ensorcelled Hibernation
   637 | D:1      | You fall through a shaft!
   662 | D:2      | Reached skill level 5 in Spellcasting
   662 | D:2      | Reached XP level 3. HP: 25/25 MP: 3/9
  1116 | D:2      | Noticed Robin
  1131 | D:2      | Reached skill level 1 in Invocations
  1156 | D:2      | Killed Robin
  1156 | D:2      | Reached skill level 1 in Fighting
  1156 | D:2      | Reached skill level 1 in Long Blades
  1156 | D:2      | Reached skill level 1 in Axes
  1156 | D:2      | Reached skill level 1 in Maces & Flails
  1156 | D:2      | Reached skill level 1 in Polearms
  1156 | D:2      | Reached skill level 1 in Staves
  1156 | D:2      | Reached skill level 1 in Slings
  1156 | D:2      | Reached skill level 1 in Bows
  1156 | D:2      | Reached skill level 1 in Crossbows
  1156 | D:2      | Reached skill level 1 in Throwing
  1156 | D:2      | Reached skill level 1 in Armour
  1156 | D:2      | Reached skill level 1 in Shields
  1156 | D:2      | Reached skill level 1 in Unarmed Combat
  1156 | D:2      | Reached skill level 1 in Evocations
  1156 | D:2      | Reached XP level 4. HP: 26/32 MP: 6/11
  1731 | D:2      | Reached skill level 1 in Conjurations
  1731 | D:2      | Reached skill level 1 in Charms
  1731 | D:2      | Reached skill level 1 in Summonings
  1731 | D:2      | Reached skill level 1 in Necromancy
  1731 | D:2      | Reached skill level 1 in Translocations
  1731 | D:2      | Reached skill level 1 in Transmutations
  1731 | D:2      | Reached skill level 1 in Fire Magic
  1731 | D:2      | Reached skill level 1 in Ice Magic
  1731 | D:2      | Reached skill level 1 in Air Magic
  1731 | D:2      | Reached skill level 1 in Earth Magic
  1731 | D:2      | Reached skill level 1 in Poison Magic
  2280 | D:2      | Reached XP level 5. HP: 37/37 MP: 12/12
  2518 | D:3      | Noticed a sky beast
  2538 | D:2      | Killed a sky beast
  2757 | D:3      | Reached XP level 6. HP: 42/44 MP: 10/13
  2981 | D:3      | Learned a level 3 spell: Confuse
  3131 | D:3      | Reached skill level 5 in Dodging
  3618 | D:3      | Found an opulent altar of Gozag.
  3656 | D:3      | Found a sparkling altar of Nemelex Xobeh.
  4002 | D:4      | Reached XP level 7. HP: 19/50 MP: 9/15
  4424 | D:4      | Found a staircase to the Ecumenical Temple.
  4820 | D:4      | Reached XP level 8. HP: 56/57 MP: 13/16
  5024 | D:5      | Entered Level 5 of the Dungeon
  5059 | Temple   | Entered the Ecumenical Temple
  5146 | Temple   | Became a worshipper of Zin the Law-Giver
  5146 | Temple   | Reached * piety under Zin
  6493 | D:5      | Reached XP level 9. HP: 65/65 MP: 4/18
  6680 | D:5      | Reached ** piety under Zin
  6736 | D:5      | Reached *** piety under Zin
  6860 | D:5      | Reached **** piety under Zin
  6906 | D:5      | Reached ***** piety under Zin
  7480 | D:6      | Reached skill level 5 in Short Blades
  8137 | D:7      | Found a shattered altar of Ashenzari.
  8161 | D:7      | Found a runed translucent gate.
  8161 | D:7      | Found a runed translucent gate.
  8161 | D:7      | Found a runed translucent gate.
  8165 | D:7      | Noticed Pikel
  8174 | D:7      | Killed Pikel
  8174 | D:7      | Reached skill level 5 in Invocations
  8193 | D:7      | Reached XP level 10. HP: 34/73 MP: 4/20
  9002 | D:7      | Noticed Arum's ghost (novice DrCj)
  9063 | D:7      | Killed Arum's ghost
  9063 | D:7      | Reached skill level 5 in Fighting
  9063 | D:7      | Reached skill level 5 in Long Blades
  9063 | D:7      | Reached skill level 5 in Axes
  9063 | D:7      | Reached skill level 5 in Maces & Flails
  9063 | D:7      | Reached skill level 5 in Polearms
  9063 | D:7      | Reached skill level 5 in Staves
  9063 | D:7      | Reached skill level 5 in Slings
  9063 | D:7      | Reached skill level 5 in Bows
  9063 | D:7      | Reached skill level 5 in Crossbows
  9063 | D:7      | Reached skill level 5 in Throwing
  9063 | D:7      | Reached skill level 5 in Armour
  9063 | D:7      | Reached skill level 5 in Shields
  9063 | D:7      | Reached skill level 5 in Unarmed Combat
  9063 | D:7      | Reached skill level 5 in Evocations
  9272 | D:8      | Reached ****** piety under Zin
 10601 | D:9      | Noticed a two-headed ogre
 10653 | D:9      | Killed a two-headed ogre
 10898 | D:9      | Noticed a two-headed ogre
 10900 | D:9      | Killed a two-headed ogre
 10900 | D:9      | Reached XP level 11. HP: 81/81 MP: 19/22
 11197 | D:9      | Found a shattered altar of Ashenzari.
 11202 | D:9      | Found a shimmering altar of Xom.
 11203 | D:9      | Found a bloodstained altar of Trog.
 11203 | D:9      | Found an iron altar of Okawaru.
 11203 | D:9      | Found a blossoming altar of Fedhas.
 11203 | D:9      | Found a radiant altar of Vehumet.
 11204 | D:9      | Found a hide-covered altar of Uskayaw.
 11205 | D:9      | Found an ancient bone altar of Kikubaaqudgha.
 11206 | D:9      | Found a shadowy altar of Dithmenos.
 11207 | D:9      | Found a snail-covered altar of Cheibriados.
 11208 | D:9      | Found a glowing golden altar of the Shining One.
 11277 | D:9      | Got a pitted cloak
 11317 | D:10     | Entered Level 10 of the Dungeon
 11743 | D:10     | Reached skill level 5 in Conjurations
 11743 | D:10     | Reached skill level 5 in Charms
 11743 | D:10     | Reached skill level 5 in Summonings
 11743 | D:10     | Reached skill level 5 in Necromancy
 11743 | D:10     | Reached skill level 5 in Translocations
 11743 | D:10     | Reached skill level 5 in Transmutations
 11743 | D:10     | Reached skill level 5 in Fire Magic
 11743 | D:10     | Reached skill level 5 in Ice Magic
 11743 | D:10     | Reached skill level 5 in Air Magic
 11743 | D:10     | Reached skill level 5 in Earth Magic
 11743 | D:10     | Reached skill level 5 in Poison Magic
 12761 | D:10     | Identified the +2 cloak of the Great Game {rElec} (You
                  | found it on level 9 of the Dungeon)
 12855 | D:11     | Noticed Snorg
 12874 | D:11     | Killed Snorg
 12999 | D:11     | Noticed a white ugly thing
 12999 | D:11     | Noticed a red ugly thing
 13021 | D:11     | Killed a white ugly thing
 13083 | D:11     | Noticed a cyan ugly thing
 13094 | D:11     | Killed a cyan ugly thing
 13104 | D:11     | Killed a red ugly thing
 13235 | D:11     | Found a staircase to the Lair.
 13340 | D:11     | Reached XP level 12. HP: 89/89 MP: 17/24
 13413 | D:11     | Noticed a tengu warrior
 13414 | D:11     | Noticed a tengu warrior
 13430 | D:11     | Killed a tengu warrior
 13452 | D:11     | Killed a tengu warrior
 13575 | D:11     | Got an ancient large shield
 13936 | Lair:1   | Entered Level 1 of the Lair of Beasts
 14219 | Lair:1   | Identified the +1 large shield "Atakh" {rElec Slay+2 SInv}
                  | (You found it on level 11 of the Dungeon)
 14377 | Lair:1   | You fall through a shaft!
 14886 | Lair:2   | Noticed Sonja
 14893 | Lair:2   | Killed Sonja
 15430 | Lair:2   | Reached skill level 10 in Stealth
 15430 | Lair:2   | Reached XP level 13. HP: 98/98 MP: 26/26
 16118 | Lair:3   | Found a staircase to the Swamp.
 16132 | Lair:3   | Reached XP level 14. HP: 105/105 MP: 16/27
 16301 | Lair:3   | Found a staircase to the Snake Pit.
 16314 | Lair:3   | Noticed Nergalle
 16322 | Lair:3   | Killed Nergalle
 18060 | Lair:4   | Reached skill level 10 in Spellcasting
 18465 | Lair:5   | Found a staircase to the Slime Pits.
 18671 | Lair:5   | You fall through a shaft!
 18671 | Lair:6   | Entered Level 6 of the Lair of Beasts
 18898 | Lair:6   | Reached skill level 10 in Dodging
 20288 | Lair:6   | Reached skill level 10 in Invocations
 20686 | Lair:6   | Reached XP level 15. HP: 79/113 MP: 3/29
 21938 | Lair:6   | Learned a level 1 spell: Confusing Touch
 21942 | Lair:6   | Learned a level 3 spell: Ozocubu's Armour
 22355 | Lair:6   | Identified Sif Muna's Disquisition on Assistive Earth
 22366 | Lair:6   | Learned a level 6 spell: Statue Form
 22717 | D:9      | Fell from the grace of Zin
 22717 | D:9      | Became a worshipper of Cheibriados the Contemplative
 23369 | D:12     | Found a deep blue altar of Sif Muna.
 23579 | D:12     | Found a staircase to the Orcish Mines.
 23595 | D:12     | Reached * piety under Cheibriados
 23740 | D:12     | Reached skill level 10 in Short Blades
 23869 | Orc:1    | Entered Level 1 of the Orcish Mines
 23943 | Orc:1    | Learned a level 3 spell: Regeneration
 24151 | Orc:1    | Reached ** piety under Cheibriados
 24403 | Orc:2    | Entered Level 2 of the Orcish Mines
 24588 | Orc:2    | Reached *** piety under Cheibriados
 24713 | Orc:2    | Found Qedowuef's Armour Shoppe.
 25056 | Orc:2    | Reached **** piety under Cheibriados
 25286 | Orc:2    | Reached skill level 10 in Hexes
 25305 | Orc:2    | Reached skill level 10 in Fighting
 25305 | Orc:2    | Reached skill level 10 in Long Blades
 25305 | Orc:2    | Reached skill level 10 in Axes
 25305 | Orc:2    | Reached skill level 10 in Maces & Flails
 25305 | Orc:2    | Reached skill level 10 in Polearms
 25305 | Orc:2    | Reached skill level 10 in Staves
 25305 | Orc:2    | Reached skill level 10 in Slings
 25305 | Orc:2    | Reached skill level 10 in Bows
 25305 | Orc:2    | Reached skill level 10 in Crossbows
 25305 | Orc:2    | Reached skill level 10 in Throwing
 25305 | Orc:2    | Reached skill level 10 in Armour
 25305 | Orc:2    | Reached skill level 10 in Shields
 25305 | Orc:2    | Reached skill level 10 in Unarmed Combat
 25305 | Orc:2    | Reached skill level 10 in Evocations
 25517 | Orc:2    | Found a staircase to the Elven Halls.
 25597 | Orc:2    | Found a roughly hewn altar of Beogh.
 25621 | Orc:2    | Found Nyiwkar's General Store.
 25621 | Orc:2    | Found Zeharus's Magic Scroll Emporium.
 25626 | Orc:2    | Bought a potion of agility for 48 gold pieces
 25635 | Orc:2    | Bought a scroll of acquirement for 520 gold pieces
 25635 | Orc:2    | Bought a scroll of summoning for 95 gold pieces
 25635 | Orc:2    | Bought a scroll of enchant weapon for 75 gold pieces
 25695 | Orc:2    | Found Juihetups's Assorted Antiques.
 25695 | Orc:2    | Found Piablum's Armour Emporium.
 25700 | Orc:2    | Bought a potion of mutation for 256 gold pieces
 25700 | Orc:2    | Bought a potion of heal wounds for 160 gold pieces
 25700 | Orc:2    | Bought a scroll of identify for 64 gold pieces
 25700 | Orc:2    | Bought a droning book for 480 gold pieces
 25898 | D:13     | Found Asopiz's Assorted Antiques.
 25965 | D:13     | Bought a scroll of teleportation for 75 gold pieces
 25965 | D:13     | Bought a scroll of blinking for 187 gold pieces
 25965 | D:13     | Bought a scroll of magic mapping for 87 gold pieces
 25965 | D:13     | Bought a scroll labeled XONKI RYBUBBAW for 25 gold pieces
 26003 | D:13     | Reached XP level 16. HP: 122/122 MP: 20/31
 26272 | D:13     | Found a gate to the Vaults.
 26892 | D:14     | Reached ***** piety under Cheibriados
 27221 | D:15     | Entered Level 15 of the Dungeon
 27701 | D:15     | Found a staircase to the Depths.
 28293 | Snake:1  | Entered Level 1 of the Snake Pit
 28576 | Snake:1  | Found a runed translucent gate.
 28577 | Snake:1  | Found a runed translucent gate.
 28577 | Snake:1  | Noticed Soixudog's ghost (adept NaFi)
 28679 | Snake:1  | Reached ****** piety under Cheibriados
 28748 | Snake:1  | Found a runed translucent gate.
 29154 | Snake:1  | Found Wiguf's Jewellery Shoppe.
 29154 | Snake:1  | Found Depric's Gadget Shop.
 29155 | Snake:1  | Found Bishi's Gadget Shop.
 29691 | Snake:1  | Killed Soixudog's ghost
 29768 | Snake:2  | Noticed Donald
 29779 | Snake:2  | Killed Donald
 29779 | Snake:2  | Reached XP level 17. HP: 119/130 MP: 32/32
 30232 | Snake:2  | Noticed Vashnia
 30241 | Snake:2  | Killed Vashnia
 30931 | Snake:3  | Noticed Aizul
 30947 | Snake:3  | Killed Aizul
 32146 | Snake:4  | Entered Level 4 of the Snake Pit
 32219 | Snake:4  | Noticed Louise
 32232 | Snake:4  | Killed Louise
 32451 | Snake:4  | Noticed Agnes
 32490 | Snake:4  | Killed Agnes
 32490 | Snake:4  | Reached XP level 18. HP: 138/138 MP: 31/34
 32624 | Snake:4  | Reached skill level 10 in Conjurations
 32624 | Snake:4  | Reached skill level 10 in Charms
 32624 | Snake:4  | Reached skill level 10 in Summonings
 32624 | Snake:4  | Reached skill level 10 in Necromancy
 32624 | Snake:4  | Reached skill level 10 in Translocations
 32624 | Snake:4  | Reached skill level 10 in Transmutations
 32624 | Snake:4  | Reached skill level 10 in Fire Magic
 32624 | Snake:4  | Reached skill level 10 in Ice Magic
 32624 | Snake:4  | Reached skill level 10 in Air Magic
 32624 | Snake:4  | Reached skill level 10 in Earth Magic
 32624 | Snake:4  | Reached skill level 10 in Poison Magic
 33572 | Snake:4  | Got a serpentine rune of Zot
 33804 | Swamp:1  | Entered Level 1 of the Swamp
 34229 | Swamp:1  | Found a hide-covered altar of Uskayaw.
 34477 | Swamp:2  | Noticed Jorgrun
 34481 | Swamp:2  | Killed Jorgrun
 34481 | Swamp:2  | Reached XP level 19. HP: 146/146 MP: 30/36
 36037 | Swamp:4  | Entered Level 4 of the Swamp
 36560 | Swamp:4  | Noticed a bone dragon
 36574 | Swamp:4  | Killed a bone dragon
 36768 | Swamp:4  | Got a decaying rune of Zot
 37081 | Vaults:1 | Entered Level 1 of the Vaults
 37743 | Vaults:1 | Reached XP level 20. HP: 154/154 MP: 32/37
 38302 | Vaults:1 | Slain by a vault warden

Levels and vault maps discovered:
D:1:      dpeg_arrival_round_b, layout_rooms
D:2:      layout_basic, hangedman_decor_growths, minmay_tromino_v2, uniq_robin
D:3:      layout_loops_ring, grunt_temple_overflow_opulence
D:4:      black_bear_nest_1, layout_loops_ring, minmay_temple_entry_butterflies
D:5:      minmay_polygon_palace, layout_basic, first_ration
D:6:      layout_rooms
D:7:      minmay_evil_eye, layout_loops_ring, gammafunk_ghost_icy,
          evilmike_ruin_ashenzari, uniq_pikel
D:8:      layout_basic, grunt_ogre_cave, minivault_25
D:9:      layout_basic, minitemple, hangedman_weighted_door, minmay_starry_boxes
D:10:     layout_roguey
D:11:     layout_rooms, minmay_lair_entry_grove, portal_ice_cave_demonic_guard,
          uniq_snorg
D:12:     layout_cave_pods, orc_0_dummy, basic_altar
D:13:     layout_big_octagon, david_vaults_2, serial_shops, shop
D:14:     layout_roguey, hangedman_decor_cross_pass, minivault_26
D:15:     hangedman_depths_entry_try_elsewhere_first, layout_loops_cross,
          hangedman_decor_points, minmay_misc_feat_x, nicolae_wwwww
Temple:   jpeg_temple_island
Lair:1:   layout_regular_city
Lair:2:   layout_roguey, minmay_lair_oklob_chamber, grunt_megastairs_4,
          uniq_sonja
Lair:3:   layout_cave_pods, skrybe_swamp_entry_bodies,
          guppyfry_snake_entry_island, uniq_nergalle
Lair:4:   layout_cave_pods
Lair:5:   layout_gridlike, nicolae_slime_entry_slimehenge, serial_bayou_lake_a
Lair:6:   due_jungle_book, layout_long_grid, grunt_forest_small_clearings
Swamp:1:  layout_basic_swamp, nicolae_swamp_godswood, infiniplex_staircase_pool
Swamp:2:  layout_falls_marsh, evilmike_swamp_ruin_house_2, uniq_jorgrun
Swamp:3:  cheibrodos_swamp_heart_of_darkness, layout_falls_marsh,
          hangedman_swamp_pad, swamp_pool3, infiniplex_staircase_pool_2
Swamp:4:  swamp_pestilence, layout_basic_swamp, swamp_pool2
Snake:1:  nicolae_snakescales, layout_chambers, ebering_ghost_rock_garden,
          minmay_shop_grove
Snake:2:  layout_chambers, lemuel_fruit_tree, uniq_vashnia, uniq_donald
Snake:3:  layout_layer_cave, uniq_aizul
Snake:4:  grunt_snake_rune_serpentine_throne, layout_cave_town, uniq_louise,
          uniq_agnes, uniq_saint_roka
Orc:1:    cheibrodos_orc_arena, layout_diamond_mine, lightli_church_of_beogh
Orc:2:    st_orc_town, layout_caves, guppyfry_orc_lava_fort
Vaults:1: biasface_vaults_ghost_orc_armoury, nicolae_vaults_specimen_jars,
          grunt_vaults_trifunnel, nicolae_vaults_stairing_the_circle, v_rooms_4,
          nicolae_vaults_yaktaur_gun_rack, ontoclasm_vaults_bender,
          nicolae_vaults_quartermaster, nicolae_vaults_what_the_h,
          dpeg_vaults_monster_box, ontoclasm_vaults_ring_small,
          layout_vaults_omnicross, serial_hangedman_research,
          hangedman_research_convocations

Skill      XL: |  1  2  3  4  5  6  7  8  9 10 11 12 13 14 15 16 17 18 19 20 |
---------------+-------------------------------------------------------------+-----
Spellcasting   | 5 6 7 8 9 10 11 12 13 | 13.7
Stealth        | 6 7 8 9 10 11 12 13 14 | 14.0
Invocations    | 1 2 3 4 5 6 7 8 10 11 12 13 14 | 14.0
Fighting       | 1 2 3 4 5 6 8 9 10 11 12 13 | 13.0
Long Blades    | 1 2 3 4 5 6 8 9 10 11 12 13 | 13.0
Axes           | 1 2 3 4 5 6 8 9 10 11 12 13 | 13.0
Maces & Flails | 1 2 3 4 5 6 8 9 10 11 12 13 | 13.0
Polearms       | 1 2 3 4 5 6 8 9 10 11 12 13 | 13.0
Staves         | 1 2 3 4 5 6 8 9 10 11 12 13 | 13.0
Slings         | 1 2 3 4 5 6 8 9 10 11 12 13 | 13.0
Bows           | 1 2 3 4 5 6 8 9 10 11 12 13 | 13.0
Crossbows      | 1 2 3 4 5 6 8 9 10 11 12 13 | 13.0
Throwing       | 1 2 3 4 5 6 8 9 10 11 12 13 | 13.0
Armour         | 1 2 3 4 5 6 8 9 10 11 12 13 | 13.0
Shields        | 1 2 3 4 5 6 8 9 10 11 12 13 | 13.0
Unarmed Combat | 1 2 3 4 5 6 8 9 10 11 12 13 | 13.0
Evocations     | 1 2 3 4 5 6 8 9 10 11 12 13 | 13.0
Conjurations   | 1 2 3 4 5 6 7 8 9 10 11 | 11.1
Charms         | 1 2 3 4 5 6 7 8 9 10 11 | 11.1
Summonings     | 1 2 3 4 5 6 7 8 9 10 11 | 11.1
Necromancy     | 1 2 3 4 5 6 7 8 9 10 11 | 11.1
Translocations | 1 2 3 4 5 6 7 8 9 10 11 | 11.1
Transmutations | 1 2 3 4 5 6 7 8 9 10 11 | 11.1
Fire Magic     | 1 2 3 4 5 6 7 8 9 10 11 | 11.1
Ice Magic      | 1 2 3 4 5 6 7 8 9 10 11 | 11.1
Air Magic      | 1 2 3 4 5 6 7 8 9 10 11 | 11.1
Earth Magic    | 1 2 3 4 5 6 7 8 9 10 11 | 11.1
Poison Magic   | 1 2 3 4 5 6 7 8 9 10 11 | 11.1
Short Blades   | 3 4 5 6 7 8 9 10 11 12 13 | 13.2
Dodging        | 5 6 7 8 9 10 11 12 13 | 13.6
Hexes          | 6 7 8 9 10 11 12 | 12.2

Action                   |  1- 3 |  4- 6 |  7- 9 | 10-12 | 13-15 | 16-18 | 19-21 || total
-------------------------+-------+-------+-------+-------+-------+-------+-------++-------
Melee: Dagger            |   113 |   253 |   405 |   734 |   513 |       |       ||  2018
       Bite              |     6 |    36 |    45 |    76 |   118 |   201 |    94 ||   576
       Unarmed           |       |       |       |       |   417 |  1071 |   522 ||  2010
       Staff             |       |       |       |       |     5 |       |       ||     5
 Cast: Ensorcelled Hiber |     3 |    12 |    88 |   146 |   228 |       |       ||   477
       Corona            |     1 |     3 |    11 |    24 |       |       |       ||    39
       Confuse           |       |       |    14 |    39 |    15 |       |       ||    68
       Statue Form       |       |       |       |       |    29 |   100 |    41 ||   170
       Regeneration      |       |       |       |       |    13 |   103 |    44 ||   160
       Confusing Touch   |       |       |       |       |    13 |     3 |       ||    16
       Ozocubu's Armour  |       |       |       |       |     1 |       |       ||     1
Invok: Recite            |       |       |       |       |     2 |       |       ||     2
       Vitalisation      |       |       |       |       |     1 |       |       ||     1
       Slouch            |       |       |       |       |     4 |     4 |     5 ||    13
Evoke: Wand              |       |       |       |       |     6 |       |       ||     6
  Use: Scroll            |       |       |     2 |    21 |    10 |     4 |     3 ||    40
       Potion            |       |       |       |     2 |     3 |       |     1 ||     6
 Stab: Sleeping          |     7 |    19 |    55 |   106 |   155 |     7 |     5 ||   354
       Confused          |       |       |     7 |    28 |    30 |     2 |       ||    67
       Distracted        |       |       |       |     1 |       |       |       ||     1
  Eat: Chunk             |     1 |     5 |    11 |    21 |    33 |    17 |     8 ||    96
       Ration            |       |     1 |     1 |     1 |     2 |     3 |     1 ||     9
Armor: Robe              |    39 |    63 |    88 |    73 |       |       |       ||   263
       Troll leather arm |       |       |       |    52 |   160 |    12 |     2 ||   226
       Skin              |       |       |       |       |   243 |   627 |   457 ||  1327
Dodge: Dodged            |    91 |   114 |   157 |   289 |   923 |  1939 |  1367 ||  4880
Block: Shield            |    12 |    81 |   110 |   206 |       |  1080 |   883 ||  2372
       Large shield      |       |       |       |    54 |   388 |       |       ||   442
       Buckler           |       |       |       |       |   288 |   286 |       ||   574
       Reflection        |       |       |       |       |       |   148 |    14 ||   162

Table legend:
 A = Non-vault XP
 B = Vault XP
 C = Vault XP percentage of total XP
 D = Non-vault monster count
 E = Vault monster count
 F = Vault count percentage of total count
                 A         B        C        D         E       F
            +---------+---------+-------+---------+---------+-------
      Total |  236389 |  161929 |  40.7 |     933 |     376 |  28.7
            +---------+---------+-------+---------+---------+-------
        D:1 |      33 |       0 |   0.0 |      16 |       0 |   0.0
        D:2 |     248 |      39 |  13.6 |      21 |      14 |  40.0
        D:3 |     200 |       0 |   0.0 |      29 |       0 |   0.0
        D:4 |     662 |     126 |  16.0 |      23 |       1 |   4.2
        D:5 |    1261 |     350 |  21.7 |      27 |      13 |  32.5
        D:6 |     696 |       0 |   0.0 |      23 |       0 |   0.0
        D:7 |     925 |    1802 |  66.1 |      24 |      11 |  31.4
        D:8 |     372 |     113 |  23.3 |       8 |       1 |  11.1
        D:9 |    2690 |     502 |  15.7 |      21 |      11 |  34.4
       D:10 |    3241 |       0 |   0.0 |      53 |       0 |   0.0
       D:11 |    5806 |    3204 |  35.6 |      29 |      15 |  34.1
       D:12 |    3795 |       0 |   0.0 |      28 |       0 |   0.0
       D:13 |    7713 |    7127 |  48.0 |      32 |      10 |  23.8
       D:14 |    7603 |       0 |   0.0 |      26 |       0 |   0.0
       D:15 |    8834 |    3349 |  27.5 |      21 |       4 |  16.0
     Lair:1 |    2477 |       0 |   0.0 |      11 |       0 |   0.0
     Lair:2 |    3017 |    3423 |  53.2 |      16 |      10 |  38.5
     Lair:3 |    4826 |    1360 |  22.0 |      25 |       3 |  10.7
     Lair:4 |    7046 |       0 |   0.0 |      29 |       0 |   0.0
     Lair:5 |   14708 |     150 |   1.0 |      53 |       7 |  11.7
     Lair:6 |   15805 |    2755 |  14.8 |      50 |       5 |   9.1
    Swamp:1 |    9230 |       0 |   0.0 |      28 |       0 |   0.0
    Swamp:2 |   14308 |    2676 |  15.8 |      38 |       1 |   2.6
    Swamp:3 |    4681 |    5778 |  55.2 |      12 |       8 |  40.0
    Swamp:4 |   10630 |   15922 |  60.0 |      34 |      41 |  54.7
    Snake:1 |   16470 |    8052 |  32.8 |      39 |      12 |  23.5
    Snake:2 |   14825 |   11057 |  42.7 |      28 |       7 |  20.0
    Snake:3 |   27428 |    1527 |   5.3 |      52 |       1 |   1.9
    Snake:4 |   26390 |   47649 |  64.4 |      48 |      66 |  57.9
      Orc:1 |    2312 |    1760 |  43.2 |      17 |      18 |  51.4
      Orc:2 |    2790 |   12144 |  81.3 |      34 |      72 |  67.9
   Vaults:1 |   15367 |   31064 |  66.9 |      38 |      45 |  54.2
            +---------+---------+-------+---------+---------+-------
